Map: Ever Dream LE

Players

Neeb - Winner!

  • Race: Protoss Protoss
  • Spawn Location: 7:00

Scarlett

  • Race: Zerg Zerg
  • Spawn Location: 1:00

Event: DreamHack SC2 Masters 2020 Summer North America

VOD

Have the link to the VOD?

Description

Time

  • Played on: June 30, 2020, 4:26 p.m.
  • Length: 14:32

All games in this series

Show
View Real Time Build Order
Export as new Build Order

Neeb Protoss - Winner!

Build Orders: 1 Gate Expand, Oracle Opening, Phoenix Opening, Archon Immortal 

Get SALT Encoding   

  12  0:00  Probe  
  13  0:13  Probe  
  14  0:19  Pylon  
  14  0:24  Probe  
  15  0:33  Probe  
  15  0:40  Gateway  
  15  0:41  Probe  
  17  0:50  Assimilator  
  17  0:52  Probe  
  18  1:04  Probe  
  19  1:17  Probe  
  20  1:25  Nexus  
  20  1:36  Cybernetics Core  
  20  1:38  Probe  
  21  1:47  Assimilator  
  21  1:50  Probe  
  21  1:54  Pylon  
  22  1:59  Probe  
  22  2:02  Adept  
  22  2:08  Probe  
  26  2:18  Probe  
  27  2:23  Stargate  
  27  2:24  Adept  
  27  2:30  Probe  
  30  2:37  Probe  
  30  2:38  Warp Gate  
  30  2:42  Probe  
  32  2:49  Probe  
  33  2:52  Adept  
  33  2:54  Probe  
  36  3:02  Phoenix, Probe  
  37  3:06  Probe  
  40  3:14  Probe  
  40  3:16  Pylon  
  41  3:22  Oracle  
  41  3:23  Gateway  
  41  3:25  Probe  
  41  3:26  Probe  
  46  3:37  Probe  
  46  3:38  Probe  
  48  3:45  Assimilator  
  48  3:47  Gateway  
  48  3:49  Probe  
  48  3:50  Probe  
  50  3:57  Gateway  
  50  3:58  Twilight Council  
  50  4:01  Probe  
  51  4:04  Probe  
  51  4:08  Pylon  
  52  4:13  Probe  
  52  4:16  Probe  
  52  4:17  Resonating Glaives  
  54  4:28  Adept x2  
  54  4:29  Probe  
  59  4:40  Assimilator, Probe  
  59  4:41  Pylon x2  
  60  4:53  Nexus  
  60  4:55  Adept  
  60  4:59  Robotics Facility  
  62  5:00  Pylon  
  62  5:03  Pylon  
  62  5:06  Adept x2  
  66  5:10  Adept  
  66  5:12  Probe  
  69  5:15  Probe  
  70  5:21  Adept  
  70  5:24  Probe  
  70  5:27  Probe  
  74  5:28  Adept x2  
  74  5:31  Adept  
  80  5:37  Probe  
  80  5:39  Probe  
  82  5:46  Sentry  
  82  5:47  Shield Battery  
  82  5:49  Immortal, Probe  
  85  5:50  Adept x2  
  85  5:51  Probe  
  94  6:04  Probe x2  
  94  6:07  Probe  
  91  6:18  Probe  
  88  6:19  Immortal, Probe  
  88  6:23  Probe  
  88  6:24  Sentry x4  
  86  6:28  Forge  
  86  6:30  Probe  
  91  6:36  Probe  
  91  6:39  Assimilator  
  92  6:40  Assimilator  
  92  6:43  Pylon  
  92  6:44  Pylon  
  92  6:46  Probe x2  
  94  6:49  Sentry x2, Probe  
  94  6:53  Adept x2  
  103  7:00  Protoss Ground Weapons Level 1, Probe  
  102  7:12  Probe  
  102  7:14  Gateway  
  102  7:15  Gateway, Charge  
  103  7:18  Gateway  
  103  7:19  Probe x2  
  103  7:20  Gateway  
  103  7:22  Gateway x2  
  105  7:24  Probe  
  106  7:34  Zealot x3  
  106  7:35  Zealot  
  114  7:38  Pylon  
  114  7:39  Observer  
  114  7:41  Photon Cannon  
  115  7:58  Warp Prism, Pylon  
  115  7:59  Pylon  
  115  8:02  Nexus  
  115  8:04  Templar Archives  
  117  8:06  Zealot x3  
  117  8:10  Pylon  
  123  8:16  Zealot  
  123  8:17  Zealot x3  
  131  8:26  Photon Cannon  
  131  8:27  Photon Cannon  
  131  8:28  Photon Cannon  
  131  8:29  Immortal  
  131  8:37  Pylon  
  135  8:45  High Templar x3  
  135  8:46  High Templar x5  
  151  8:49  Pylon  
  151  8:50  Archon  
  151  8:51  Archon x2  
  151  8:52  Archon  
  151  8:59  Pylon  
  151  9:05  Pylon  
  151  9:08  Immortal  
  151  9:10  High Templar x2  
  151  9:13  Photon Cannon  
  151  9:15  Archon  
  155  9:17  Unknown  
  159  9:25  Zealot x5  
  169  9:43  High Templar x2, Zealot x2  
  169  9:44  Zealot  
  179  9:47  Archon  
  179  9:54  High Templar x2, Zealot  
  179  9:55  Zealot x2  
  179  9:59  Archon  
  189  10:06  Photon Cannon  
  189  10:09  Zealot  
  189  10:11  Zealot x2  
  195  10:17  Zealot  
  195  10:18  Zealot  
  188  10:29  Stalker x4  
  188  10:33  Stalker  
  179  10:48  Stalker  
  167  10:50  Shield Battery, Pylon  
  167  10:51  Photon Cannon  
  167  10:53  Pylon  
  167  10:55  Photon Cannon  
  149  10:57  Photon Cannon  
  149  10:59  Photon Cannon x2  
  149  11:02  Photon Cannon  
  149  11:03  Photon Cannon  
  134  11:11  High Templar x4  
  134  11:12  High Templar x2  
  134  11:16  Archon x3  
  134  11:17  Stalker x2  
  141  11:19  Shield Battery  
  141  11:22  Shield Battery  
  135  11:35  Stalker x2  
  139  11:44  Stalker  
  108  12:05  Probe  
Show
View Real Time Build Order
Export as new Build Order

Scarlett Zerg 

Build Orders: Hatch First, Muta Ling Bane 

Get SALT Encoding   

  12  0:01  Drone  
  13  0:12  Overlord  
  13  0:17  Drone  
  14  0:30  Drone x2  
  16  0:47  Hatchery  
  15  0:50  Drone  
  15  0:55  Drone  
  17  0:58  Drone  
  18  1:09  Extractor  
  17  1:13  Spawning Pool  
  17  1:16  Drone  
  17  1:20  Drone  
  18  1:28  Drone  
  19  1:39  Drone  
  20  1:50  Overlord  
  20  1:59  Queen  
  20  2:00  Queen  
  25  2:01  Zergling x2  
  25  2:02  Zergling x2  
  26  2:09  Metabolic Boost  
  26  2:16  Drone x2  
  28  2:24  Drone  
  28  2:25  Drone  
  30  2:31  Drone  
  30  2:32  Drone  
  32  2:43  Hatchery  
  32  2:44  Zergling x2  
  32  2:52  Drone, Queen  
  35  3:03  Spore Crawler  
  32  3:07  Drone x3  
  35  3:17  Overlord  
  35  3:22  Overlord  
  35  3:35  Overlord, Queen  
  35  3:37  Zergling x6  
  35  3:39  Drone x2  
  35  3:41  Spore Crawler, Queen  
  44  3:44  Spore Crawler  
  42  3:51  Drone  
  42  3:55  Drone x2  
  45  3:56  Spore Crawler  
  45  3:58  Drone  
  45  4:00  Drone  
  45  4:02  Drone  
  47  4:04  Drone  
  47  4:05  Drone  
  49  4:10  Drone  
  49  4:11  Drone  
  49  4:15  Drone x3  
  54  4:21  Overlord  
  53  4:35  Drone x5  
  53  4:36  Overlord  
  57  4:47  Drone x7  
  57  4:48  Baneling Nest  
  57  4:49  Extractor  
  57  4:52  Overlord  
  62  4:53  Drone  
  62  4:55  Extractor, Zergling x2  
  63  5:01  Drone  
  63  5:05  Drone  
  63  5:06  Drone, Overlord  
  66  5:08  Overlord  
  66  5:11  Zergling x4  
  68  5:15  Zergling x12  
  74  5:23  Overlord  
  74  5:25  Drone  
  74  5:26  Drone x2  
  77  5:35  Drone, Lair  
  77  5:36  Drone x3  
  77  5:38  Extractor  
  77  5:42  Baneling x6  
  79  5:43  Zergling x14  
  79  5:44  Baneling x2  
  79  5:49  Drone  
  87  5:50  Zergling x6  
  87  5:55  Baneling  
  89  6:08  Zergling x14  
  85  6:21  Zergling x10  
  85  6:24  Drone x2  
  88  6:27  Drone  
  88  6:31  Drone, Extractor  
  88  6:32  Extractor  
  88  6:33  Drone  
  88  6:34  Evolution Chamber, Drone x3  
  88  6:36  Roach Warren  
  88  6:37  Queen  
  88  6:38  Drone x3  
  95  6:40  Drone  
  95  6:44  Hatchery  
  95  6:46  Drone x5  
  98  6:58  Overlord x2  
  97  7:01  Spire  
  97  7:07  Overlord  
  95  7:11  Overlord  
  95  7:12  Overlord  
  95  7:13  Centrifical Hooks, Zergling x12  
  99  7:21  Roach x4  
  107  7:26  Roach  
  107  7:27  Roach  
  111  7:30  Roach  
  111  7:31  Baneling x9  
  113  7:40  Roach, Zergling x2  
  113  7:41  Hatchery, Zergling x6  
  118  7:52  Drone  
  118  7:54  Drone x8  
  127  8:01  Unknown  
  126  8:06  Overseer  
  126  8:11  Ravager  
  126  8:12  Ravager x7  
  133  8:14  Baneling x7  
  133  8:16  Zergling x26  
  133  8:19  Zerg Melee Weapons Level 1  
  146  8:32  Drone x2  
  148  8:34  Zerg Flyer Weapons Level 1  
  148  8:40  Drone x2  
  150  8:47  Overlord x3, Extractor  
  150  8:48  Overlord x2  
  149  8:50  Extractor  
  148  9:03  Drone x2  
  148  9:04  Overlord  
  148  9:06  Zergling x36  
  148  9:07  Baneling x7  
  148  9:08  Baneling x13  
  165  9:16  Mutalisk  
  165  9:17  Mutalisk x3  
  173  9:26  Mutalisk x5  
  182  9:36  Mutalisk x5  
  190  9:42  Mutalisk x2  
  193  9:48  Mutalisk, Overlord  
  195  10:05  Overlord  
  191  10:17  Hatchery  
  191  10:20  Mutalisk x8  
  191  10:21  Mutalisk  
  198  10:26  Mutalisk x2  
  189  10:29  Zergling x2  
  189  10:30  Zergling x26  
  174  10:43  Mutalisk x3  
  174  10:45  Zergling x12  
  166  10:52  Mutalisk  
  111  11:21  Mutalisk x3  
  111  11:22  Mutalisk x3  
  111  11:23  Mutalisk  
  111  11:24  Zergling x10  
  84  12:05  Zergling x2  
  84  12:06  Zergling x8  
  84  12:07  Drone x3  
  77  12:25  Drone  
  73  12:33  Drone x3  
  71  12:47  Drone  
  64  13:28  Hatchery  
Tags
 
Add a new tag
Caveats
  • Supply blocks, unpowered buildings, or Contaminate may cause inaccurate times.
  • Supply counts are checked every 10 seconds.